PAA
CASPER GHOSTS @ LANNISTER UNITED LIONHEARTS
08/02/2025
 
TOP OF THE 1ST
Casper Ghosts batting - Pitching for Lannister United Lionhearts : RHP Enea Dini
Pitching: RHP Enea Dini
Batting: RHB Henry Appleby 0-0: Ball
1-0: Fly out, F7 (Flyball, 7S)
Batting: RHB Warner Robinson 0-0: Called Strike
0-1: Ball
1-1: Swinging Strike
1-2: Foul Ball, location: 2F
1-2: Ball
2-2: Foul Ball, location: 2F
2-2: Ball
3-2: Foul Ball, location: 2F
3-2: SINGLE (Groundball, 56D)
Batting: SHB Tim Fowler 0-0: Called Strike
0-1: Ball
1-1: Foul Ball, location: 2F
1-2: Foul Ball, location: 2F
1-2: Ball
2-2: Ball
3-2: Fly out, F7 (Flyball, 7)
Batting: RHB Manny Maltby 0-0: Ball
1-0: Fly out, F7 (Flyball, 7LM)
Top of the 1st over - 0 run(s), 1 hit(s), 0 error(s), 1 left on base; Casper 0 - Lannister United 0
BOTTOM OF THE 1ST
Lannister United Lionhearts batting - Pitching for Casper Ghosts : RHP Jeremy de Vos
Pitching: RHP Jeremy de Vos
Batting: LHB Jon Baxter 0-0: Called Strike
0-1: Ball
1-1: Hit by Pitch
Batting: LHB António Boccanegra 0-0: SINGLE (Groundball, 6MD)
Jon Baxter to second
Batting: RHB Tony Martínez 0-0: Ball
1-0: Called Strike
1-1: Called Strike
1-2: Ball
2-2: Ball
3-2: Foul Ball, location: 2F
3-2: Fly out, F6 (Popup, 5D)
Batting: LHB Gonzalo Álvarez 0-0: Swinging Strike
0-1: Called Strike
0-2: Fly out, F4 (Popup, 34D)
Batting: SHB Corey Neace 0-0: Foul Ball, location: 2F
0-1: Ball
1-1: Ball
2-1: Called Strike
2-2: Strikes out swinging
Bottom of the 1st over - 0 run(s), 1 hit(s), 0 error(s), 2 left on base; Casper 0 - Lannister United 0
TOP OF THE 2ND
Casper Ghosts batting - Pitching for Lannister United Lionhearts : RHP Enea Dini
Batting: SHB José Juárez 0-0: Called Strike
0-1: Ball
1-1: Ball
2-1: Foul Ball, location: 2F
2-2: Foul Ball, location: 2F
2-2: Foul Ball, location: 2F
2-2: Strikes out swinging
Batting: RHB Félix Ramos 0-0: SINGLE (Groundball, 56S) (infield hit)
Batting: RHB Dave Young 0-0: Ball
1-0: Fly out, F6 (Line Drive, 6)
Batting: RHB Juan Carlos Cruz 0-0: Ball
1-0: SINGLE (Flyball, 8RS)
Félix Ramos to second
Batting: RHB Ron Coffman 0-0: SINGLE (Groundball, 34) (infield hit)
Félix Ramos to third
Juan Carlos Cruz to second
Batting: RHB Henry Appleby 0-0: Foul Ball, location: 2F
0-1: Swinging Strike
0-2: Foul Ball, location: 2F
0-2: Strikes out swinging
Top of the 2nd over - 0 run(s), 3 hit(s), 0 error(s), 3 left on base; Casper 0 - Lannister United 0
BOTTOM OF THE 2ND
Lannister United Lionhearts batting - Pitching for Casper Ghosts : RHP Jeremy de Vos
Batting: RHB Bruce Ingilby 0-0: Ball
1-0: Ball
2-0: Ball
3-0: Called Strike
3-1: Foul Ball, location: 2F
3-2: Foul Ball, location: 2F
3-2: DOUBLE (Line Drive, 78M)
Batting: LHB Evan Nelson 0-0: Ball
1-0: Foul Ball, location: 2F
1-1: Foul Ball, location: 2F
1-2: Foul Ball, location: 2F
1-2: Foul Ball, location: 2F
1-2: Ball
2-2: Ball
3-2: Base on Balls
Batting: RHB Martín Alejadre 0-0: Fly out, F8 (Flyball, 8RM)
Batting: LHB José Tamayo 0-0: Ball
1-0: Ball
2-0: Called Strike
2-1: Called Strike
2-2: Foul Ball, location: 2F
2-2: Ball
3-2: Strikes out swinging
Batting: LHB Jon Baxter 0-0: Ball
1-0: SINGLE (Flyball, 8LS)
Bruce Ingilby to third
Evan Nelson to second
Runner from 3rd tries for Home, SAFE, throw made home
Evan Nelson to third
Jon Baxter to second
Batting: LHB António Boccanegra 0-0: Ball
1-0: Foul Ball, location: 2F
1-1: Foul Ball, location: 2F
1-2: Ball
2-2: Foul Ball, location: 2F
2-2: Ball
3-2: Ground out 6-3 (Groundball, 6)
Bottom of the 2nd over - 1 run(s), 2 hit(s), 0 error(s), 2 left on base; Casper 0 - Lannister United 1
TOP OF THE 3RD
Casper Ghosts batting - Pitching for Lannister United Lionhearts : RHP Enea Dini
Batting: RHB Warner Robinson 0-0: Ball
1-0: Called Strike
1-1: Foul Ball, location: 2F
1-2: Foul Ball, location: 2F
1-2: Foul Ball, location: 2F
1-2: Ball
2-2: Foul Ball, location: 2F
2-2: Ground out 1-3 (Groundball, P)
Batting: SHB Tim Fowler 0-0: SINGLE (Line Drive, 4)
Batting: RHB Manny Maltby 0-0: Ball
1-0: Ball
Throwing error on steal attempt, E2
Tim Fowler to third
2-0: TRIPLE (Groundball, 5L)
Tim Fowler scores
Batting: SHB José Juárez 0-0: Fly out, F8 (Flyball, 89M)
Runner from 3rd tags up, SCORES, no throw
Batting: RHB Félix Ramos 0-0: Fly out, F5 (Line Drive, 56)
Top of the 3rd over - 2 run(s), 2 hit(s), 1 error(s), 0 left on base; Casper 2 - Lannister United 1
BOTTOM OF THE 3RD
Lannister United Lionhearts batting - Pitching for Casper Ghosts : RHP Jeremy de Vos
Batting: RHB Tony Martínez 0-0: Foul Ball, location: 2F
0-1: Ball
1-1: Ball
2-1: Ball
3-1: SINGLE (Line Drive, 6D)
Batting: LHB Gonzalo Álvarez 0-0: Ball
1-0: Called Strike
1-1: Called Strike
1-2: Ball
2-2: Strikes out swinging
Batting: SHB Corey Neace 0-0: Swinging Strike
0-1: Foul Ball, location: 2F
0-2: Ball
1-2: Ball
2-2: Fly out, F7 (Flyball, 7S)
Batting: RHB Bruce Ingilby 0-0: Called Strike
Tony Martínez is caught stealing 2nd base
Bottom of the 3rd over - 0 run(s), 1 hit(s), 0 error(s), 0 left on base; Casper 2 - Lannister United 1
TOP OF THE 4TH
Casper Ghosts batting - Pitching for Lannister United Lionhearts : RHP Enea Dini
Batting: RHB Dave Young 0-0: SINGLE (Groundball, 34D)
Batting: RHB Juan Carlos Cruz 0-0: Called Strike
0-1: Ball
1-1: Grounds into double play, 4-6-3 (Groundball, 34)
Batting: RHB Ron Coffman 0-0: Ball
1-0: Swinging Strike
1-1: Called Strike
1-2: Strikes out swinging
Top of the 4th over - 0 run(s), 1 hit(s), 0 error(s), 0 left on base; Casper 2 - Lannister United 1
BOTTOM OF THE 4TH
Lannister United Lionhearts batting - Pitching for Casper Ghosts : RHP Jeremy de Vos
Batting: RHB Bruce Ingilby 0-0: Ground out 5-3 (Groundball, 56)
Batting: LHB Evan Nelson 0-0: Ball
1-0: Swinging Strike
1-1: Ball
2-1: Foul Ball, location: 2F
2-2: SINGLE (Flyball, 7S)
Batting: RHB Martín Alejadre 0-0: Ball
1-0: Ball
2-0: Foul Ball, location: 2F
2-1: Foul Ball, location: 2F
2-2: Fly out, F3 (Popup, 3S)
Batting: LHB José Tamayo 0-0: Ball
Evan Nelson steals 2nd base
1-0: Ground out 4-3 (Groundball, 34D)
Bottom of the 4th over - 0 run(s), 1 hit(s), 0 error(s), 1 left on base; Casper 2 - Lannister United 1
TOP OF THE 5TH
Casper Ghosts batting - Pitching for Lannister United Lionhearts : RHP Enea Dini
Batting: RHB Henry Appleby 0-0: Ball
1-0: Ball
2-0: Fly out, F3 (Line Drive, 3)
Batting: RHB Warner Robinson 0-0: Ball
1-0: Ball
2-0: Swinging Strike
2-1: DOUBLE (Flyball, 78M)
Batting: SHB Tim Fowler 0-0: Ball
1-0: Ball
2-0: Ball
3-0: Called Strike
3-1: Foul Ball, location: 2F
3-2: Strikes out looking
Batting: RHB Manny Maltby 0-0: SINGLE (Groundball, 4MD)
Warner Robinson to third
Runner from 3rd tries for Home, SAFE, no throw
Batting: SHB José Juárez 0-0: DOUBLE (Line Drive, 7LS)
Manny Maltby to third
Runner from 3rd tries for Home, SAFE, no throw
Batting: RHB Félix Ramos 0-0: Ball
1-0: Foul Ball, location: 2F
1-1: Swinging Strike
1-2: Strikes out swinging
Top of the 5th over - 2 run(s), 3 hit(s), 0 error(s), 1 left on base; Casper 4 - Lannister United 1
BOTTOM OF THE 5TH
Lannister United Lionhearts batting - Pitching for Casper Ghosts : RHP Jeremy de Vos
Batting: LHB Jon Baxter 0-0: Swinging Strike
0-1: Called Strike
0-2: Ball
1-2: Strikes out swinging
Batting: LHB António Boccanegra 0-0: Ball
1-0: Ball
2-0: Called Strike
2-1: Ground out 1-3 (Groundball, P)
Batting: RHB Tony Martínez 0-0: Ball
1-0: Ball
2-0: SINGLE (Groundball, 6M) (infield hit)
Batting: LHB Gonzalo Álvarez 0-0: Foul Ball, location: 2F
0-1: Fielders Choice at 2nd, 4-6 (Groundball, 4)
Bottom of the 5th over - 0 run(s), 1 hit(s), 0 error(s), 0 left on base; Casper 4 - Lannister United 1
TOP OF THE 6TH
Casper Ghosts batting - Pitching for Lannister United Lionhearts : RHP Enea Dini
Batting: RHB Dave Young 0-0: Ball
1-0: Foul Ball, location: 2F
1-1: Ball
2-1: Ground out 6-3 (Groundball, 6)
Batting: RHB Juan Carlos Cruz 0-0: Swinging Strike
0-1: Foul Ball, location: 2F
0-2: Ball
1-2: Foul Ball, location: 2F
1-2: Ball
2-2: Strikes out swinging
Batting: RHB Ron Coffman 0-0: Ball
1-0: SINGLE (Line Drive, 34)
Batting: RHB Henry Appleby 0-0: Swinging Strike
0-1: Foul Ball, location: 2F
0-2: Foul Ball, location: 2F
0-2: Ball
1-2: Ball
2-2: Fly out, F8 (Flyball, 8LD)
Top of the 6th over - 0 run(s), 1 hit(s), 0 error(s), 1 left on base; Casper 4 - Lannister United 1
BOTTOM OF THE 6TH
Lannister United Lionhearts batting - Pitching for Casper Ghosts : RHP Jeremy de Vos
Batting: SHB Corey Neace 0-0: Called Strike
0-1: Ball
1-1: Ball
2-1: Ground out 4-3 (Groundball, 34D)
Batting: RHB Bruce Ingilby 0-0: Called Strike
0-1: Ball
1-1: SINGLE (Line Drive, 7S)
Batting: LHB Evan Nelson 0-0: SINGLE (Groundball, 34D)
Bruce Ingilby to second
Runner from 2nd tries for 3rd, SAFE, throw made to third
Batting: RHB Martín Alejadre 0-0: Ball
Evan Nelson steals 2nd base
1-0: Ball
2-0: Fly out, F8 (Line Drive, 8RM)
Batting: LHB José Tamayo 0-0: Called Strike
0-1: Ball
1-1: Called Strike
1-2: Ball
2-2: Foul Ball, location: 2F
2-2: Ball
3-2: Base on Balls
Pitching: RHP Earl Simmons
Batting: LHB Jon Baxter 0-0: Ball
1-0: Ball
2-0: SINGLE (Line Drive, 34)
Bruce Ingilby scores
Evan Nelson to third
José Tamayo to second
Batting: LHB António Boccanegra 0-0: Called Strike
0-1: Fielders Choice at 2nd, 4-6 (Groundball, 4)
Bottom of the 6th over - 1 run(s), 3 hit(s), 0 error(s), 2 left on base; Casper 4 - Lannister United 2
TOP OF THE 7TH
Casper Ghosts batting - Pitching for Lannister United Lionhearts : RHP Enea Dini
Batting: RHB Warner Robinson 0-0: Ball
1-0: Foul Ball, location: 2F
1-1: Ball
2-1: Ball
3-1: Base on Balls
Batting: SHB Tim Fowler 0-0: SINGLE (Groundball, 4D)
Warner Robinson to second
Runner from 2nd tries for 3rd, SAFE, throw made to third
Pinch Hitting: RHB Freddy Carea 0-0: Called Strike
0-1: Ball
1-1: Ball
2-1: Ball
3-1: Base on Balls
Tim Fowler to second
Pitching: RHP Frank Castle
Batting: SHB José Juárez 0-0: Ball
1-0: Called Strike
1-1: Ball
2-1: Swinging Strike
2-2: Ball
3-2: Fly out, F7 (Flyball, 7S)
Pinch Hitting: SHB Spencer Landes 0-0: Swinging Strike
0-1: Ball
1-1: Grounds into fielders choice 6-2 (Groundball, 6)
Tim Fowler to third
Freddy Carea to second
Pinch Hitting: RHB Anbrosio Oppenes 0-0: Foul Ball, location: 2F
0-1: Ball
1-1: Called Strike
1-2: Foul Ball, location: 2F
1-2: Ball
2-2: Foul Ball, location: 2F
2-2: Strikes out swinging
Top of the 7th over - 0 run(s), 1 hit(s), 0 error(s), 3 left on base; Casper 4 - Lannister United 2
BOTTOM OF THE 7TH
Lannister United Lionhearts batting - Pitching for Casper Ghosts : RHP Earl Simmons
Now at 2B: Ray Millspaugh
Now at 3B: Roberto De La Cruz
Now in RF: Bert Cook
Batting: RHB Tony Martínez 0-0: Ball
1-0: Ground out 6-3 (Groundball, 6)
Batting: LHB Gonzalo Álvarez 0-0: Ball
1-0: Foul Ball, location: 2F
1-1: Ground out 4-3 (Groundball, 4S)
Batting: SHB Corey Neace 0-0: Ball
1-0: Ball
2-0: Called Strike
2-1: Foul Ball, location: 2F
2-2: Foul Ball, location: 2F
2-2: Foul Ball, location: 2F
2-2: Ground out U3 (Groundball, 34)
Bottom of the 7th over - 0 run(s), 0 hit(s), 0 error(s), 0 left on base; Casper 4 - Lannister United 2
TOP OF THE 8TH
Casper Ghosts batting - Pitching for Lannister United Lionhearts : RHP Frank Castle
Batting: RHB Juan Carlos Cruz 0-0: Ball
1-0: Swinging Strike
1-1: Foul Ball, location: 2F
1-2: Strikes out swinging
Batting: RHB Ron Coffman 0-0: Ball
1-0: Ball
2-0: Foul Ball, location: 2F
2-1: Called Strike
2-2: Ball
3-2: Strikes out swinging
Batting: RHB Henry Appleby 0-0: Swinging Strike
0-1: Foul Ball, location: 2F
0-2: Ball
1-2: Strikes out swinging
Top of the 8th over - 0 run(s), 0 hit(s), 0 error(s), 0 left on base; Casper 4 - Lannister United 2
BOTTOM OF THE 8TH
Lannister United Lionhearts batting - Pitching for Casper Ghosts : RHP Earl Simmons
Batting: RHB Bruce Ingilby 0-0: Ball
1-0: Foul Ball, location: 2F
1-1: Swinging Strike
1-2: Foul Ball, location: 2F
1-2: Foul Ball, location: 2F
1-2: Ground out 6-3 (Groundball, 6)
Batting: LHB Evan Nelson 0-0: Ball
1-0: Ball
2-0: Called Strike
2-1: Foul Ball, location: 2F
2-2: Foul Ball, location: 2F
2-2: Foul Ball, location: 2F
2-2: Ball
3-2: Base on Balls
Pitching: RHP Anthony Snyder
Batting: RHB Martín Alejadre 0-0: Grounds into double play, 5-4-3 (Groundball, 56)
Bottom of the 8th over - 0 run(s), 0 hit(s), 0 error(s), 0 left on base; Casper 4 - Lannister United 2
TOP OF THE 9TH
Casper Ghosts batting - Pitching for Lannister United Lionhearts : RHP Frank Castle
Batting: RHB Warner Robinson 0-0: Foul Ball, location: 2F
0-1: Ball
1-1: Ball
2-1: Ball
3-1: Ground out 1-3 (Groundball, 15S)
Batting: SHB Tim Fowler 0-0: SOLO HOME RUN (Flyball, 9D), Distance : 367 ft
Batting: SHB Ray Millspaugh 0-0: Called Strike
0-1: Called Strike
0-2: Ball
1-2: Ball
2-2: Foul Ball, location: 2F
2-2: SINGLE (Line Drive, 8LM)
Batting: SHB José Juárez 0-0: Called Strike
0-1: Ball
1-1: Called Strike
1-2: Ground out 4-3 (Groundball, 34)
Ray Millspaugh to second
Pitching: RHP Miguel Cervantes
Batting: RHB Roberto De La Cruz 0-0: Ball
1-0: Foul Ball, location: 2F
1-1: Ball
2-1: Foul Ball, location: 2F
2-2: Foul Ball, location: 2F
2-2: SINGLE (Groundball, 34) (infield hit)
Ray Millspaugh to third
Batting: RHB Bert Cook 0-0: Called Strike
0-1: Foul Ball, location: 2F
0-2: Foul Ball, location: 2F
0-2: Strikes out swinging
Top of the 9th over - 1 run(s), 3 hit(s), 0 error(s), 2 left on base; Casper 5 - Lannister United 2
BOTTOM OF THE 9TH
Lannister United Lionhearts batting - Pitching for Casper Ghosts : RHP Anthony Snyder
Pitching: RHP Jim Unknown
Batting: LHB José Tamayo 0-0: Ball
1-0: Called Strike
1-1: Ball
2-1: Foul Ball, location: 2F
2-2: Ground out 4-3 (Groundball, 4)
Batting: LHB Jon Baxter 0-0: Called Strike
0-1: Ball
1-1: Called Strike
1-2: Ground out 6-3 (Groundball, 6)
Batting: LHB António Boccanegra 0-0: Called Strike
0-1: SINGLE (Flyball, 7LS)
Batting: RHB Tony Martínez 0-0: Swinging Strike
0-1: Foul Ball, location: 2F
0-2: Strikes out looking
Bottom of the 9th over - 0 run(s), 1 hit(s), 0 error(s), 1 left on base; Casper 5 - Lannister United 2
Friday, December 30th, 2016 - OOTP Baseball 17.12 Build 75